 Dungeon Crawl Stone Soup version 0.32-a0-42-ga30500b4d3 (webtiles) character file.

Game seed: 3467303759727182312

301 Ambrosia the Shield-Bearer (level 6, -12/48 HPs)
             Began as a Demonspawn Fighter on Feb 2, 2024.
             Mangled by Duvessa
             ... wielding a +0 short sword
              (18 damage)
             ... on level 4 of the Dungeon.
             The game lasted 00:04:29 (2798 turns).

Ambrosia the Shield-Bearer (Demonspawn Fighter)     Turns: 2798, Time: 00:04:30

Health: -12/48     AC:  8    Str: 18    XL:     6   Next: 14%
Magic:  6/6        EV:  9    Int:  8    God:
Gold:   145        SH:  6    Dex: 13    Spells: 5/5 levels left

rFire   . . .        a - +1 war axe
rCold   . . .        c - +1 buckler
rNeg    . . .        b - +0 scale mail
rPois   .            (helmet restricted)
rElec   .            (no cloak)
rCorr   .            m - +0 pair of gloves
SInv    .            (no boots)
Will    .....        (no amulet) Stlth
                     (no ring)
HPRegen 0.28/turn    (no ring)
MPRegen 0.10/turn

%: no passive effects
@: no status effects
A: antennae 1, spiny 2, demonic touch 1
a: no special abilities


You were on level 4 of the Dungeon.
You visited 1 branch of the dungeon, and saw 4 of its levels.

You collected 145 gold pieces.

Inventory:

Hand Weapons
 a - a +1 war axe (weapon)
Armour
 b - a +0 scale mail (worn)
 c - a +1 buckler (worn)
 j - the +0 leather armour "Qonox" {*Corrode rElec Dex+3}
   (You found it on level 2 of the Dungeon)

   Dex+3:     It affects your dexterity (+3).
   rElec:     It insulates you from electricity.
   *Corrode:  It may corrode you when you take damage.
 m - a +0 pair of gloves (worn)
   (You found it on level 3 of the Dungeon)
Scrolls
 h - a scroll of revelation
 l - a scroll of teleportation {!r!d, @r3}
Potions
 d - 3 potions of curing {@q1, !d}
 e - a potion of enlightenment
 f - 2 potions of mutation {!q}
 k - a potion of degeneration {!q}


   Skills:
 + Level 4.0 Fighting
 + Level 3.0 Axes
 + Level 3.6 Armour
 * Level 4.5 Shields


You had 5 spell levels left.
You didn't know any spells.
Your spell library contained the following spells:

 Spells                   Type           Power      Damage    Failure   Level
 Lesser Beckoning         Tloc           0%         N/A       95%         2
 Gell's Gravitas          Tloc           0%         N/A       99%         3
 Inner Flame              Hex/Fire       0%         N/A       99%         3
 Teleport Other           Tloc           0%         N/A       99%         3
 Tukima's Dance           Hex            0%         N/A       99%         3
 Dimensional Bullseye     Hex/Tloc       0%         N/A       100%        4
 Flame Wave               Conj/Fire      0%         2d4       100%        4
 Iskenderun's Mystic Bla  Conj/Tloc      0%         2d3       100%        4
 Sticky Flame             Fire/Alch      0%         2d4       100%        4


Dungeon Overview and Level Annotations

Branches:
Dungeon (4/15) Zot: 21134
 Temple: D:4-7

Altars:
Qazlal
Vehumet

Annotations:
D:4 Duvessa, Sigmund


Innate Abilities, Weirdness & Mutations

You have a pair of small antennae on your head.
You are mostly covered in sharp spines.
Your touch may inflict minor irresistible damage on your foes.


Message History

Press: ? - help, Dir - move target, f/p - ball python
Aim: a ball python (about 45% to evade your +1 war axe)
You hit the ball python. The ball python bites you.
You block the ball python's attack.
You take 2 damage, and have 40/42 hp.
Cleave: a) +1 war axe
Press: ? - help, Dir - move target, f/p - ball python
Aim: a ball python (severely wounded, about 45% to evade your +1 war axe)
You closely miss the ball python. You hit Dowan.
You block the ball python's attack. Dowan is struck by your spines.
Dowan hits you with a +0 dagger. You block the ball python's attack.
You take 4 damage, and have 36/42 hp.
Cleave: a) +1 war axe
Press: ? - help, Dir - move target, f/p - ball python
Aim: a ball python (severely wounded, about 45% to evade your +1 war axe)
You hit the ball python but do no damage.
You closely miss Dowan.
Dowan says, "Magic and the sword, together, will defeat you."
Dowan mumbles some strange words.
Dowan blinks!
The ball python closely misses you. Duvessa is struck by your spines.
Duvessa barely misses you.
Cleave: a) +1 war axe
Press: ? - help, Dir - move target, f/p - ball python
Aim: a ball python (severely wounded, about 45% to evade your +1 war axe)
You hit the ball python.
You kill the ball python!
You hit Dowan. You hit Duvessa. Dowan is struck by your spines.
Dowan hits you but does no damage. Duvessa is struck by your spines.
Duvessa hits you with a +0 short sword.
You take 2 damage, and have 34/42 hp.
Cleave: a) +1 war axe
Press: ? - help, Dir - move target, f - Dowan
Aim: Dowan, wielding a +0 dagger and wearing a +0 robe (moderately wounded, about 52% to evade your +1 war axe)
You miss Dowan. You hit Duvessa but do no damage. You block Dowan's attack.
Duvessa hits you with a +0 short sword.
You take 6 damage, and have 28/42 hp.
Cleave: a) +1 war axe
Press: ? - help, Dir - move target, f/p - Dowan
Aim: Dowan, wielding a +0 dagger and wearing a +0 robe (moderately wounded, about 52% to evade your +1 war axe)
You closely miss Dowan. You closely miss Duvessa.
Dowan says, "Stay away from my face!"
Dowan is struck by your spines. Dowan hits you but does no damage.
You block Duvessa's attack. Dowan casts a spell at you.
You block the puff of flame. Duvessa hits you with a +0 short sword.
You take 2 damage, and have 26/42 hp.
Cleave: a) +1 war axe
Press: ? - help, Dir - move target, f/p - Dowan
Aim: Dowan, wielding a +0 dagger and wearing a +0 robe (severely wounded, about 52% to evade your +1 war axe)
You slash Dowan!
You kill Dowan!
Duvessa weeps, and shakes her weapon.
Duvessa goes berserk!
You closely miss Duvessa. Duvessa is struck by your spines.
Duvessa closely misses you. Duvessa hits you with a +0 short sword.
Your Axes skill increases to level 3!
You have reached level 6!
Your demonic ancestry asserts itself...
Your hands begin to faintly glow with unholy energy.
MP restored: 6
Okay, then.
Cleave: a) +1 war axe
Press: ? - help, Dir - move target, f - Duvessa
Aim: Duvessa, wielding a +0 short sword and wearing a +0 leather armour (heavily wounded, berserk, about 37% to evade your +1 war axe)
You barely miss Duvessa. Duvessa hits you with a +0 short sword!
Duvessa is struck by your spines. Duvessa hits you with a +0 short sword.
* * * LOW HITPOINT WARNING * * *
You take 14 damage, and have 13/48 hp.
MASSIVE DAMAGE!!
Cleave: a) +1 war axe
Press: ? - help, Dir - move target, f/p - Duvessa
Aim: Duvessa, wielding a +0 short sword and wearing a +0 leather armour (heavily wounded, berserk, about 37% to evade your +1 war axe)
You hit Duvessa. Duvessa hits you with a +0 short sword.
* * * LOW HITPOINT WARNING * * *
Duvessa hits you with a +0 short sword.
* * * LOW HITPOINT WARNING * * *
You take 8 damage, and have 5/48 hp.
You feel much better. You block Duvessa's attack.
You regained 28 hp, and now have 33/48 hp.
Cleave: a) +1 war axe
Press: ? - help, Dir - move target, f/p - Duvessa
Aim: Duvessa, wielding a +0 short sword and wearing a +0 leather armour (severely wounded, berserk, about 37% to evade your +1 war axe)
You slash Duvessa! Duvessa is struck by your spines.
Duvessa hits you with a +0 short sword! Duvessa is struck by your spines.
Duvessa hits you with a +0 short sword.
You take 16 damage, and have 17/48 hp.
MASSIVE DAMAGE!!
Cleave: a) +1 war axe
Press: ? - help, Dir - move target, f/p - Duvessa
Aim: Duvessa, wielding a +0 short sword and wearing a +0 leather armour (almost dead, berserk, about 37% to evade your +1 war axe)
You hit Duvessa but do no damage. You block Duvessa's attack.
Duvessa hits you with a +0 short sword!
* * * LOW HITPOINT WARNING * * *
You block Duvessa's attack.
You take 12 damage, and have 5/48 hp.
MASSIVE DAMAGE!!
You aren't carrying any items that you can evoke.
Unknown command.
Cleave: a) +1 war axe
Press: ? - help, Dir - move target, f/p - Duvessa
Aim: Duvessa, wielding a +0 short sword and wearing a +0 leather armour (almost dead, berserk, about 37% to evade your +1 war axe)
You closely miss Duvessa.
Duvessa hits you with a +0 short sword!!
You die...

##........................##.....
#............#...........##.....
##..##.......##..............
#...............####.........
#..#........#...# ##........#
#..##......##..####...###...###
#...........#..##.#...##8....8#
##<.##.....##.##e...).)##.....##
#..##.........)@##.....##.....##
#######.......#†##......##.....⌠
#.......##..#.......#8.....
#......)...##...#...###....
###.#.....###e..#.....##...
#.......##.e.........##..
#......####..........#8..
#.#.....# #..........##..
.##....##.##.........##..


You could see Duvessa (berserk).

Vanquished Creatures
  Dowan (D:4)
  An iguana (D:4)
  Jessica (D:2)
  A sleepcap (D:4)
  4 gnolls (D:4)
  5 adders (D:2 D:3 D:4)
  A ribbon worm (D:3)
  2 dart slugs (D:2 D:3)
  6 orcs (D:3 D:4)
  6 bats (D:1 D:2)
  4 endoplasms (D:1 D:2 D:3 D:4)
  3 giant cockroaches (D:1 D:2 D:4)
  8 goblins (D:1 D:2 D:4)
  5 hobgoblins (D:1 D:2 D:3 D:4)
  3 jackals (D:1)
  6 quokkas (D:1 D:2 D:3 D:4)
  9 ball pythons (D:1 D:2 D:4)
  3 frilled lizards (D:1 D:2 D:3)
  7 kobolds (D:1 D:3 D:4)
  3 rats (D:1 D:2 D:3)
79 creatures vanquished.

Notes
Turn   | Place    | Note
-------+----------+-------------------------------------------
     0 | D:1      | Ambrosia the Demonspawn Fighter began the quest for the
                  | Orb.
     0 | D:1      | Reached XP level 1. HP: 18/18 MP: 1/1
    20 | D:1      | HP: 9/18 [frozen (5)]
   160 | D:1      | Gained mutation: You are partially covered in sharp spines.
                  | [demonic ancestry]
   160 | D:1      | Reached XP level 2. HP: 15/24 MP: 2/2
   166 | D:1      | HP: 12/24 [jackal (3)]
   167 | D:1      | Reached skill level 2 in Axes
   167 | D:1      | Reached skill level 3 in Shields
   789 | D:2      | Identified the +0 leather armour "Qonox" {*Corrode rElec
                  | Dex+3}
   812 | D:2      | Reached skill level 3 in Armour
   812 | D:2      | Reached XP level 3. HP: 29/29 MP: 3/3
   813 | D:2      | Noticed Jessica
   819 | D:2      | Killed Jessica
   886 | D:2      | Found a faded altar of an unknown god.
   977 | D:2      | Gained mutation: You are mostly covered in sharp spines.
                  | [demonic ancestry]
   977 | D:2      | Reached XP level 4. HP: 33/35 MP: 4/4
  1725 | D:3      | Found a radiant altar of Vehumet.
  1803 | D:3      | Found a stormy altar of Qazlal.
  2358 | D:4      | Reached skill level 4 in Shields
  2358 | D:4      | Discovered your monstrous ancestry.
  2358 | D:4      | Gained mutation: You have a pair of small antennae on your
                  | head. [demonic ancestry]
  2358 | D:4      | Reached XP level 5. HP: 35/42 MP: 5/5
  2387 | D:4      | Noticed Sigmund
  2607 | D:4      | Reached skill level 4 in Fighting
  2769 | D:4      | Noticed Duvessa
  2769 | D:4      | Noticed Dowan
  2792 | D:4      | Killed Dowan
  2793 | D:4      | Reached skill level 3 in Axes
  2793 | D:4      | Gained mutation: Your touch may inflict minor irresistible
                  | damage on your foes. [demonic ancestry]
  2793 | D:4      | Reached XP level 6. HP: 27/48 MP: 6/6
  2793 | D:4      | HP: 15/48 [Duvessa/+0 short sword (13)]
  2794 | D:4      | HP: 5/48 [Duvessa/+0 short sword (5)]
  2798 | D:4      | Mangled by Duvessa

Illustrated notes

Levels and vault maps discovered:
D:1:      tarquinn_simple_flora_water_a, layout_basic, serial_forest,
          infiniplex_forest_straight_5, infiniplex_forest_straight_2,
          infiniplex_forest_clump_long, infiniplex_forest_clump_curved,
          infiniplex_forest_clump_double, infiniplex_forest_clump_diagonal,
          infiniplex_forest_clump_medium
D:2:      layout_basic, ebering_ecumenical_altar_sacrificial, uniq_jessica
D:3:      layout_basic, nicolae_vehumet_radiance, mainiacjoe_overflow_alcove_1
D:4:      layout_cave_pools, chequers_hall_statues_y, uniq_sigmund, uniq_duvessa

Skill      XL: |  1  2  3  4  5 |
---------------+----------------+-----
Axes           | 2 3 |  3.0
Shields        | 3 4 |  4.5
Armour         | 3 |  3.6
Fighting       | 4 |  4.0

Action                     |  1- 3 |  4- 6 || total
---------------------------+-------+-------++-------
  Melee: War axe           |    82 |    73 ||   155
    Use: Potion            |     1 |     5 ||     6
         Scroll            |     3 |     7 ||    10
 Armour: Scale mail        |    57 |    52 ||   109
  Dodge: Dodged            |    41 |    35 ||    76
  Block: Buckler           |    18 |    23 ||    41

Table legend: (Time is in decaauts)
 A = Elapsed time spent in this place.
 B = Non-inter-level travel time spent in this place.
 C = Inter-level travel time spent in this place.
 D = Time resting spent in this place.
 E = Time spent auto-exploring this place.
 F = Levels seen in this place.
 G = Mean time per level.
                   A        B        C        D        E       F      G
               +--------+--------+--------+--------+--------+-----+--------+
         Total |   2864 |   2774 |     90 |    115 |   2170 |   4 |  716.0 |
       Dungeon |   2864 |   2774 |     90 |    115 |   2170 |   4 |  716.0 |
               +--------+--------+--------+--------+--------+-----+--------+

Top non-repeatable levels by time:
     D:3: 970 daAuts
     D:1: 814 daAuts
     D:2: 590 daAuts
     D:4: 489 daAuts

Levels and vault maps discovered:
D:1:      tarquinn_simple_flora_water_a, layout_basic, serial_forest,
          infiniplex_forest_straight_5, infiniplex_forest_straight_2,
          infiniplex_forest_clump_long, infiniplex_forest_clump_curved,
          infiniplex_forest_clump_double, infiniplex_forest_clump_diagonal,
          infiniplex_forest_clump_medium
D:2:      layout_basic, ebering_ecumenical_altar_sacrificial, uniq_jessica
D:3:      layout_basic, nicolae_vehumet_radiance, mainiacjoe_overflow_alcove_1
D:4:      layout_cave_pools, chequers_hall_statues_y, uniq_sigmund, uniq_duvessa

Table legend: (Time is in decaauts)
 A = Elapsed time spent in this place.
 B = Non-inter-level travel time spent in this place.
 C = Inter-level travel time spent in this place.
 D = Time resting spent in this place.
 E = Time spent auto-exploring this place.
 F = Levels seen in this place.
 G = Mean time per level.
                   A        B        C        D        E       F      G
               +--------+--------+--------+--------+--------+-----+--------+
         Total |   2864 |   2774 |     90 |    115 |   2170 |   4 |  716.0 |
       Dungeon |   2864 |   2774 |     90 |    115 |   2170 |   4 |  716.0 |
               +--------+--------+--------+--------+--------+-----+--------+

Top non-repeatable levels by time:
     D:3: 970 daAuts
     D:1: 814 daAuts
     D:2: 590 daAuts
     D:4: 489 daAuts

Table legend:
 A = Kills in this place as a percentage of kills in the entire game.
 B = Kills by you in this place as a percentage of kills by you in the entire game.
 C = Kills by friends in this place as a percentage of kills by friends in the entire game.
 D = Other kills in this place as a percentage of other kills in the entire game.
 E = Experience gained in this place as a percentage of experience gained in the entire game.
 F = Experience gained in this place divided by the number of levels of this place that you have seen.
                   A       B       C       D       E      F
               +-------+-------+-------+-------+-------+----------------------
         Total | 100.0 | 100.0 |   N/A |   N/A | 100.0 | 107.5
       Dungeon | 100.0 | 100.0 |   N/A |   N/A | 100.0 | 107.5
               +-------+-------+-------+-------+-------+----------------------
